 Dungeon Crawl Stone Soup version 0.29-a0-206-g4a66f2e2b5 (webtiles) character file.

Game seed: 7430095586058461813

7122 tilp the Covert (level 10, -2/48 HPs)
             Began as a Felid Ice Elementalist on Feb 23, 2022.
             Was an Elder of Vehumet.
             Succumbed to a cane toad's poison
             ... on level 1 of the Lair of Beasts.
             The game lasted 00:31:09 (19437 turns).

tilp the Covert (Felid Ice Elementalist)           Turns: 19437, Time: 00:31:10

Health: -2/48      AC: 10    Str:  4    XL:     10   Next: 85%
Magic:  14/21      EV: 22    Int: 20    God:    Vehumet [****..]
Gold:   1728       SH:  0    Dex: 18    Spells: 10/23 levels left
                                        Lives:  0   Deaths: 2

rFire   . . .      SeeInvis +     - Unarmed
rCold   . . .      Faith    .   (shield unavailable)
rNeg    . . .      Spirit   .   (body armour unavailable)
rPois   +          Reflect  .   (helmet unavailable)
rElec   .          Harm     .   (cloak unavailable)
rCorr   .          Rampage  .   (gloves unavailable)
Will    +....                   (boots unavailable)
Stlth   +++++.....              g - amulet of the acrobat
HPRegen 0.16/turn               a - ring of poison resistance
MPRegen 0.17/turn               q - ring of flight

@: lethally poisoned (-2 -> -18), ice-armoured, freezing walls, flying, studying
2 skills, quick
A: very small, claws 1, fangs 3, see invisible, speed 1, shaggy fur 2, stealthy
paws, no weapons or thrown items, no armour, multi-lived
a: Renounce Religion


You were on level 1 of the Lair of Beasts.
You worshipped Vehumet.
Vehumet was greatly pleased with you.
You visited 3 branches of the dungeon, and saw 13 of its levels.

You collected 1728 gold pieces.

Inventory:

Jewellery
 a - a ring of poison resistance (left paw)
 g - an amulet of the acrobat (around neck)
 q - a ring of flight (right paw)
 s - a ring of fire
 z - a ring of protection from cold
Wands
 f - a wand of flame (31)
 v - a wand of paralysis (4)
 C - a wand of iceblast (6)
Scrolls
 b - 6 scrolls of fog
 c - 2 scrolls of magic mapping
 e - a scroll of blinking
 j - 5 scrolls of teleportation
 m - 4 scrolls of vulnerability
 n - 3 scrolls of silence
 w - a scroll of fear
 y - a scroll of brand weapon {unknown}
Potions
 d - 2 potions of curing
 h - 4 potions of flight
 i - 3 potions of cancellation
 k - 6 potions of mutation
 l - a potion of resistance
 o - a potion of might {unknown}
 p - 3 potions of attraction {unknown}
 r - 3 potions of lignification {unknown}
 t - 6 potions of ambrosia
 u - a potion of haste
 x - a potion of invisibility {unknown}
 B - a potion of berserk rage {unknown}
 D - a potion of brilliance {unknown}
Miscellaneous
 A - a tin of tremorstones (2/2)


   Skills:
 * Level 8.2 Fighting
 + Level 8.1 Dodging
 + Level 10.1 Stealth
 + Level 8.2 Unarmed Combat
 - Level 7.0 Spellcasting
 - Level 10.0 Conjurations
 - Level 4.0 Hexes
 - Level 10.0 Ice Magic
 + Level 4.2 Evocations


You had 10 spell levels left.
You knew the following spells:

 Your Spells              Type           Power      Damage    Failure   Level
a - Freeze                Ice            100%       1d11      1%          1
b - Frozen Ramparts       Ice            94%        1d11      1%          3
c - Ozocubu's Armour      Ice            47%        N/A       1%          3
d - Hailstorm             Conj/Ice       47%        3d11      1%          4
e - Ensorcelled Hibernat  Hex/Ice        70%        N/A       1%          2

Your spell library contained the following spells:

 Spells                   Type           Power      Damage    Failure   Level
 Olgreb's Toxic Radiance  Pois           7%         N/A       24%         4
 Static Discharge         Conj/Air       27%        N/A       1%          2
 Sticky Flame             Conj/Fire      27%        2d5       3%          4
 Beastly Appendage        Tmut           14%        N/A       10%         1
 Passwall                 Tmut/Erth      5%         N/A       14%         2
 Wereblood                Tmut           7%         N/A       14%         2
 Gell's Gravitas          Tloc           7%         N/A       28%         3
 Spider Form              Tmut/Pois      7%         N/A       28%         3
 Swiftness                Air            7%         N/A       28%         3
 Teleport Other           Tloc           7%         N/A       28%         3
 Dispel Undead            Necr           7%         3d8       67%         4
 Blade Hands              Tmut           3%         N/A       95%         5
 Dispersal                Tloc           3%         N/A       100%        6
 Portal Projectile        Hex/Tloc       Unusable   N/A       N/A         3
 Excruciating Wounds      Necr           Unusable   N/A       N/A         5

Dungeon Overview and Level Annotations

Branches:
Dungeon (11/15)            Temple (1/1) D:6            Lair (1/6) D:8
    Orc (0/2) D:9

Altars:
Ashenzari
Cheibriados
Dithmenos
Elyvilon
Fedhas
Gozag
Hepliaklqana
Kikubaaqudgha
Makhleb
Nemelex Xobeh
Okawaru
Qazlal
Ru
Sif Muna
Trog
Uskayaw
Vehumet
Wu Jian
Xom
Yredelemnul
Zin
The Shining One
Beogh

Shops:
D:5 [   D:9 (   D:10 :

Portals:
Abyss: Lair:1

Annotations:
D:9 Amaemon
D:10 1 runed translucent door, Zero0's ghost, novice HOFi
D:11 Snorg
Lair:1 2 transporters, Nergalle


Innate Abilities, Weirdness & Mutations

You have sharp claws.
You have razor-sharp teeth.
You have supernaturally acute eyesight. (SInv)
You cover ground quickly. (Speed+)
You are covered in thick fur. (AC +2)
Your paws help you pounce on unaware monsters.
You are incapable of wielding weapons or throwing items.
You cannot wear armour.
You gain extra lives every three experience levels.


Message History

You now have 1728 gold pieces (gained 16).
Found a one-way gate to the infinite horrors of the Abyss.
There is a transporter landing site here.
D - a yellow potion A cane toad comes into view.
A cane toad is nearby!
A cane toad is nearby!
The cane toad croaks.
You claw the cane toad! You bite the cane toad.
The cane toad is moderately wounded.
The cane toad closely misses you.
You claw the cane toad!
You claw the cane toad, but do no damage.
The cane toad is heavily wounded.
The cane toad stings you!!
Casting: Freeze (safe; 1% risk of failure)
Confirm with . or Enter, or press ? or * to list all spells.
Casting: Frozen Ramparts (safe; 1% risk of failure)
Press: ? - help, Dir - look around, f - activate The walls around you are covered in ice.
The wall freezes the cane toad.
The cane toad stings you!!
* * * LOW HITPOINT WARNING * * *
You are lethally poisoned!
The cane toad poisons you!
Casting: Frozen Ramparts (safe; 1% risk of failure)
Confirm with . or Enter, or press ? or * to list all spells.
A film of ice covers your body!
* * * LOW HITPOINT WARNING * * *
You feel very sick.
The wall freezes the cane toad.
The cane toad closely misses you.
The wall freezes the cane toad.
The cane toad completely misses you.
Unknown command.
Casting: Ozocubu's Armour (safe; 1% risk of failure)
Confirm with . or Enter, or press ? or * to list all spells.
Aiming: Freeze (safe; 1% risk of failure)
Press: ? - help, Shift-Dir - straight line, f - cane toad
Aim: a cane toad (severely wounded)
You freeze the cane toad!
The cane toad is almost dead.
You die...

#.................≈≈≈≈≈
#..................≈≈≈≈
#.......................
##......................
#..#P##.###....#+##.##.
#.########.............
#.#######.#....#.......
#.........+....#.......
#F@..##............
###.###....#.......
#..###....#.......
#.####..#.#............
...............P##+#..#
#......................
#######.###############
###


You could see a cane toad.

Vanquished Creatures
  Josephine (D:10)
  A hydra (D:8)
  2 two-headed ogres
  3 centaur warriors (D:8)
  A black mamba (Lair:1)
  Maurice (D:9)
  An orange demon (D:9)
  Joseph (D:7)
  5 cane toads (Lair:1)
  An efreet (D:8)
  5 trolls
  A queen bee (D:9)
  4 wraiths (D:10)
  4 wyverns
  Eustachio (D:4)
  3 yaks (D:10)
  A basilisk (D:8)
  Menkaure (D:5)
  8 water moccasins
  5 black bears
  11 orc warriors
  A sky beast (D:8)
  2 ice beasts
  A necrophage (D:6)
  A wolf (D:8)
  7 centaurs
  4 ogres
  2 phantoms
  8 bullfrogs
  3 wyvern zombies
  2 gnoll sergeants
  2 scorpions (D:6)
  22 killer bees (D:9)
  11 centaur zombies
  A bullfrog zombie (D:5)
  A jelly (D:7)
  2 gnoll shamans
  9 hounds
  5 orc priests
  2 iguanas
  Natasha (thrice) (D:3)
  14 orc wizards
  A scorpion zombie (D:5)
  3 howler monkey zombies
  20 gnolls
  8 adders
  2 white imps
  2 ufetubi
  A worm (D:5)
  7 dart slugs
  72 orcs
  7 endoplasms
  5 giant cockroaches
  6 goblins
  10 hobgoblins
  7 jackals (D:5)
  10 kobolds
  5 quokkas
  10 ball pythons
  6 bats
  5 frilled lizards
  9 rats
  2 butterflies (D:6)
362 creatures vanquished.

Vanquished Creatures (others)
  A hornet zombie (D:8)
  A bullfrog (D:8)
  4 bushes (D:8)
  5 fungi
  12 plants
23 creatures vanquished.

Grand Total: 385 creatures vanquished

Notes
Turn   | Place    | Note
-------+----------+-------------------------------------------
     0 | D:1      | tilp the Felid Ice Elementalist began the quest for the
                  | Orb.
     0 | D:1      | Reached XP level 1. HP: 7/7 MP: 4/4
   417 | D:1      | Reached XP level 2. HP: 11/11 MP: 1/6
  1240 | D:1      | Reached XP level 3. HP: 14/14 MP: 7/7
  1244 | D:1      | Learned a level 3 spell: Frozen Ramparts
  1640 | D:2      | Learned a level 3 spell: Ozocubu's Armour
  1703 | D:2      | Found a faded altar of an unknown god.
  2602 | D:3      | Noticed Natasha
  2609 | D:3      | Killed Natasha
  2610 | D:3      | Reached XP level 4. HP: 18/18 MP: 3/9
  2841 | D:3      | Reached skill level 5 in Ice Magic
  2884 | D:3      | Noticed Natasha
  2890 | D:3      | Killed Natasha
  2939 | D:3      | Reached XP level 5. HP: 21/21 MP: 7/10
  2943 | D:3      | Noticed Natasha
  2950 | D:3      | Killed Natasha
  3954 | D:4      | Noticed Eustachio
  4178 | D:4      | Reached skill level 1 in Unarmed Combat
  4178 | D:4      | Gained mutation: You are covered in thick fur. (AC +2)
                  | [Felid growth]
  4178 | D:4      | Reached XP level 6. HP: 25/25 MP: 2/11
  4415 | D:4      | Reached skill level 1 in Fighting
  4828 | D:4      | Found a sacrificial altar of Ru.
  5394 | D:5      | Entered Level 5 of the Dungeon
  5411 | D:5      | Reached XP level 7. HP: 25/30 MP: 0/12
  6416 | D:5      | Reached skill level 5 in Stealth
  6438 | D:5      | Learned a level 4 spell: Hailstorm
  6598 | D:5      | Noticed Menkaure
  6613 | D:5      | Killed Menkaure
  6614 | D:5      | Reached skill level 1 in Conjurations
  6614 | D:5      | Reached XP level 8. HP: 19/36 MP: 4/13
  7450 | D:5      | Found Coraezil's Antique Armour Emporium.
  8255 | D:6      | Found a staircase to the Ecumenical Temple.
  8272 | Temple   | Entered the Ecumenical Temple
  8431 | Temple   | Became a worshipper of Vehumet
  8435 | Temple   | Learned a level 2 spell: Ensorcelled Hibernation
  8604 | D:6      | Reached XP level 9. HP: 12/39 MP: 6/16
  8963 | D:6      | Reached skill level 5 in Conjurations
  9451 | D:7      | Reached skill level 5 in Spellcasting
  9657 | D:7      | Noticed Joseph
  9720 | D:7      | Reached skill level 1 in Evocations
 10083 | D:7      | Found a shimmering altar of Xom.
 10417 | D:7      | Reached skill level 5 in Dodging
 10417 | D:7      | Reached skill level 5 in Unarmed Combat
 11199 | D:4      | Killed Eustachio
 11255 | D:8      | Reached skill level 5 in Fighting
 11451 | D:8      | Reached XP level 10. HP: 35/44 MP: 3/18
 11527 | D:8      | Reached * piety under Vehumet
 11527 | D:8      | Offered knowledge of Sandblast by Vehumet.
 11697 | D:8      | Found a staircase to the Lair.
 11704 | D:8      | Noticed a centaur warrior
 11913 | D:8      | HP: 2/45 [centaur warrior/arrow (10)]
 11916 | D:8      | Killed a centaur warrior
 12662 | D:8      | Noticed a four-headed hydra
 12952 | D:9      | Noticed Maurice
 12963 | D:9      | Found Faxu's Weapon Boutique.
 13102 | D:9      | Offered knowledge of Poisonous Vapours by Vehumet.
 13113 | D:9      | Reached ** piety under Vehumet
 13416 | D:9      | Found a staircase to the Orcish Mines.
 13472 | D:9      | Reached skill level 10 in Stealth
 13572 | D:9      | Noticed a two-headed ogre
 13607 | D:9      | Killed a two-headed ogre
 13608 | D:9      | Reached XP level 11. HP: 50/50 MP: 5/19
 14049 | D:9      | Reached skill level 1 in Hexes
 14558 | D:9      | Offered knowledge of Scorch by Vehumet.
 14599 | D:9      | Found a basalt altar of Yredelemnul.
 14759 | D:9      | Noticed Amaemon
 15442 | D:9      | Killed Maurice
 15459 | D:10     | Entered Level 10 of the Dungeon
 15508 | D:10     | Noticed Zero0's ghost (novice HOFi)
 15512 | D:10     | Found a runed translucent door.
 15519 | D:10     | Found Onew Ufo's Book Shop.
 15563 | D:10     | Noticed a two-headed ogre
 15574 | D:10     | Killed a two-headed ogre
 15768 | D:10     | Reached *** piety under Vehumet
 15776 | D:10     | Offered knowledge of Ignite Poison by Vehumet.
 16141 | D:10     | Noticed Josephine
 16161 | D:10     | HP: 2/48 [Josephine/vampiric draining (11)]
 16165 | D:10     | Killed Josephine
 16172 | D:10     | Mangled by a wraith
 16173 | D:10     | Reached XP level 10. HP: -10/48 MP: 8/20
 16173 | D:10     | Found a stormy altar of Qazlal.
 16654 | D:11     | Noticed Snorg
 16750 | D:11     | Noticed a cyclops
 17076 | D:7      | Killed Joseph
 17285 | D:8      | Reached XP level 11. HP: 40/51 MP: 14/21
 17425 | D:8      | Noticed a centaur warrior
 17431 | D:8      | Killed a centaur warrior
 17719 | D:8      | Killed a four-headed hydra
 17721 | D:8      | Reached **** piety under Vehumet
 17848 | D:8      | Noticed a centaur warrior
 17857 | D:8      | Killed a centaur warrior
 18516 | Lair:1   | Entered Level 1 of the Lair of Beasts
 18525 | Lair:1   | Noticed Nergalle
 18543 | Lair:1   | Found a transporter.
 18726 | Lair:1   | Slain by a cane toad
 18727 | Lair:1   | Reached XP level 10. HP: -3/48 MP: 21/21
 18983 | Lair:1   | Noticed a black mamba
 18986 | Lair:1   | Noticed a cane toad
 18994 | Lair:1   | Killed a black mamba
 18995 | Lair:1   | Reached skill level 10 in Conjurations
 18997 | Lair:1   | Killed a cane toad
 18997 | Lair:1   | Offered knowledge of Olgreb's Toxic Radiance by Vehumet.
 18998 | Lair:1   | Reached skill level 10 in Ice Magic
 19118 | Lair:1   | Killed a cane toad
 19194 | Lair:1   | Noticed a cane toad
 19194 | Lair:1   | Noticed a cane toad
 19200 | Lair:1   | Killed a cane toad
 19201 | Lair:1   | Killed a cane toad
 19292 | Lair:1   | Found a transporter.
 19294 | Lair:1   | Noticed a brown ugly thing
 19353 | Lair:1   | Found a one-way gate to the infinite horrors of the Abyss.
 19431 | Lair:1   | Noticed a cane toad
 19436 | Lair:1   | HP: 1/48 [poisoned by a cane toad]
 19437 | Lair:1   | Succumbed to a cane toad's poison

Illustrated notes

Levels and vault maps discovered:
D:1:      enne_arrival_octagon_isle, layout_basic
D:2:      layout_loops_ring, chequers_ecumenical_altar_simple_redux
D:3:      minmay_chambers_of_threes, layout_rooms, uniq_natasha
D:4:      layout_layer_cave, nicolae_ru_the_path_less_chosen,
          kennysheep_generic_room_7, uniq_eustachio
D:5:      layout_cave_pools, serial_gnoll_camp, gnoll_camp_mini_doghouse,
          gnoll_camp_mini_doghouse, gnoll_camp_mini_shop, gnoll_camp_medium_02,
          minmay_misc_feat_square, minmay_manual_monolith, uniq_menkaure
D:6:      layout_gridville, minmay_temple_entry_butterflies
D:7:      layout_loops_ring, mainiacjoe_overflow_alcove_4,
          kennysheep_generic_room_13, uniq_joseph
D:8:      minmay_klotski, layout_loops_cross, minmay_lair_entry_grove
D:9:      layout_gridville, nicolae_yredelemnul_corpse_copse, david_orc_4,
          serial_shops, shop_coins, special_room [special_room_bee],
          uniq_maurice, uniq_amaemon
D:10:     layout_roguey [special_room_orc], nicolae_qazlal_eye_of_the_storm,
          serial_shops, nicolae_shop_window_shopping,
          hellmonk_ghost_happy_afterlife, minivault_27, uniq_josephine
D:11:     layout_loops_cross, minmay_puff, uniq_snorg, uniq_sonja
Temple:   mainiacjoe_temple_coin_purse
Lair:1:   layout_regular_city, gammafunk_ghost_abyssal_escape,
          beast_lair_carwin_3, infiniplex_staircase_pool, uniq_nergalle

Skill      XL: |  1  2  3  4  5  6  7  8  9 10 11 |
---------------+----------------------------------+-----
Ice Magic      | 4 5 6 7 8 10 | 10.0
Spellcasting   | 3 4 5 7 |  7.0
Unarmed Combat | 1 2 4 6 8 |  8.2
Fighting       | 2 4 5 7 8 |  8.2
Stealth        | 4 6 7 10 | 10.1
Dodging        | 3 4 5 8 |  8.1
Conjurations   | 1 4 6 10 9 | 10.0
Evocations     | 3 4 |  4.2
Hexes          | 4 |  4.0

Action                   |  1- 3 |  4- 6 |  7- 9 | 10-12 || total
-------------------------+-------+-------+-------+-------++-------
Melee: Unarmed           |    15 |    21 |   215 |   195 ||   446
       Bite              |     2 |     2 |    30 |    20 ||    54
       Punch             |       |       |     8 |    10 ||    18
 Cast: Freeze            |    55 |    40 |    21 |    38 ||   154
       Frozen Ramparts   |     2 |    18 |    32 |    54 ||   106
       Ozocubu's Armour  |       |     6 |    32 |    45 ||    83
       Hailstorm         |       |       |    23 |    74 ||    97
       Ensorcelled Hiber |       |       |       |     1 ||     1
Evoke: Wand              |       |       |     3 |     9 ||    12
  Use: Scroll            |     7 |     4 |     4 |     4 ||    19
 Stab: Sleeping          |    10 |     8 |    22 |     9 ||    49
       Distracted        |       |       |       |     1 ||     1
       Paralysed         |       |       |       |     1 ||     1
Armor: Skin              |     1 |     5 |    47 |    38 ||    91
Dodge: Dodged            |    26 |    36 |   248 |   313 ||   623

Table legend: (Time is in decaauts)
 A = Elapsed time spent in this place.
 B = Non-inter-level travel time spent in this place.
 C = Inter-level travel time spent in this place.
 D = Time resting spent in this place.
 E = Time spent auto-exploring this place.
 F = Levels seen in this place.
 G = Mean time per level.
                   A        B        C        D        E       F      G
               +--------+--------+--------+--------+--------+-----+--------+
         Total |  17657 |  16870 |    787 |   4351 |   9862 |  13 | 1358.2 |
       Dungeon |  16829 |  16068 |    761 |   4313 |   9208 |  11 | 1529.9 |
        Temple |    148 |    123 |     25 |      0 |    107 |   1 |  148.0 |
          Lair |    679 |    679 |      0 |     38 |    546 |   1 |  679.0 |
               +--------+--------+--------+--------+--------+-----+--------+

Top non-repeatable levels by time:
     D:8: 2992 daAuts
     D:9: 2425 daAuts
     D:5: 2105 daAuts
     D:4: 1845 daAuts
     D:7: 1484 daAuts
    D:10: 1320 daAuts
     D:1: 1267 daAuts
     D:3: 1136 daAuts
     D:6: 1114 daAuts
     D:2: 1039 daAuts
  Lair:1: 679 daAuts
  Temple: 148 daAuts
    D:11: 97 daAuts
